 Dungeon Crawl Stone Soup version 0.32-a0-673-g3729bd5 (webtiles) character file.

Game seed: 243985245843833849

57 Meow the Conjurer (level 4, 36/36 HPs)
             Began as a Naga Conjurer on Mar 10, 2024.
             Quit the game on level 2 of the Dungeon.
             The game lasted 00:03:38 (1813 turns).

Meow the Conjurer (Naga Conjurer)                   Turns: 1813, Time: 00:03:39

Health: 36/36      AC:  3    Str: 10    XL:     4   Next: 0%
Magic:  3/8        EV:  9    Int: 20    God:
Gold:   69         SH:  0    Dex:  9    Spells: 6/9 levels left

rFire   . . .        a - +0 dagger
rCold   . . .        (no shield)
rNeg    . . .        l - +0 robe
rPois   +            h - +0 helmet
rElec   .            (no cloak)
rCorr   .            (no gloves)
SInv    +            (no barding)
Will    .....        (no amulet)
Stlth   ++           (no ring)
HPRegen 0.26/turn    (no ring)
MPRegen 0.11/turn

%: no passive effects
@: very slow
A: AC +1, large, see invisible, deformed body, poison resistance, slowness 2,
spit poison 1, naga tail 1
a: Spit Poison


You were on level 2 of the Dungeon.
You visited 1 branch of the dungeon, and saw 2 of its levels.

You collected 69 gold pieces.

Inventory:

Hand Weapons
 a - a +0 dagger (weapon)
Missiles
 d - 28 stones
Armour
 h - a +0 helmet (worn)
 l - a +0 robe (worn)
Magical Staves
 f - a staff of air
Talismans
 c - a beast talisman
 i - a flux talisman
Scrolls
 e - a scroll of blinking {unknown}
 g - a scroll of poison {unknown}
 j - a scroll of identify {unknown}
 n - a scroll of teleportation {unknown}
Potions
 b - 2 potions of magic
 k - 2 potions of attraction {unknown}
 m - a potion of invisibility {unknown}


   Skills:
 - Level 1.5 Dodging
 - Level 3.0 Stealth
 + Level 3.0 Spellcasting
 + Level 4.8 Conjurations


You had 6 spell levels left.
You knew the following spells:

 Your Spells              Type           Power      Damage    Failure   Level
a - Magic Dart            Conj           88%        1d7       1%          1
b - Searing Ray           Conj           44%        2d6       3%          2

Your spell library contained the following spells:

 Spells                   Type           Power      Damage    Failure   Level
 Fulminant Prism          Conj/Alch      6%         3d7       45%         4
 Iskenderun's Mystic Bla  Conj/Tloc      12%        2d5       45%         4


Dungeon Overview and Level Annotations

Branches:
Dungeon (2/15)

Altars:


Innate Abilities, Weirdness & Mutations

Your serpentine skin is tough. (AC +1)
You have supernaturally acute eyesight. (SInv)
Armour fits poorly on your strangely shaped body.
Your system is resistant to poisons. (rPois)
You cover ground very slowly.
You can spit poison.
You have a snake-like lower body.


Message History

Aiming: Spit Poison (2% risk of failure)
Press: ? - help, Shift-Dir - straight line, f - bat
Aim: a bat (41% to hit)
The splash of poison hits the bat.
The bat is poisoned.
The bat is severely wounded.
You kill the bat!
Unknown command.
You see here a bat corpse.
You have got your breath back.
You see here a bat corpse.
You see here a ball python skeleton.
There is a stone staircase leading up here.
A ribbon worm comes into view.
Found 3 stones.
Aiming: Spit Poison (2% risk of failure)
Press: ? - help, Shift-Dir - straight line, f - ribbon worm
Aim: a ribbon worm (asleep, 100% to hit)
The splash of poison hits the ribbon worm.
The ribbon worm is poisoned.
The ribbon worm is lightly wounded.
The ribbon worm expels a string of sticky webbing.
The stream of webbing misses you.
Casting: Searing Ray (safe; 3% risk of failure)
Confirm with . or Enter, or press ? or * to list all spells.
Aiming: Searing Ray (safe; 3% risk of failure)
Press: ? - help, Shift-Dir - straight line, f/p - ribbon worm
Aim: a ribbon worm (lightly wounded, poisoned, catching its breath, 92% to hit)
The searing ray hits the ribbon worm!
The ribbon worm is heavily wounded. (Press . to maintain the ray.) Unknown command.
The searing ray hits the ribbon worm.
The ribbon worm is severely wounded.
The searing ray hits the ribbon worm!
You kill the ribbon worm!
You have reached level 4!
You feel stronger.
You start resting.
You have got your breath back.
Are you sure you want to abandon this character and quit the game? (Confirm with "yes".)

#.# #.## #.#
###############.## #.#
#...............## #.#
#.###############. #.#
#.# #. #.# #.# #. #.#
#.# #. #.# #.# #. #.#
#@# #. #.# #..†...(. #<
#># ########. #. #.#
.... #.# ##############
#.#########.............
#...........############
#############


There were no monsters in sight!

Vanquished Creatures
  2 adders (D:2)
  A ribbon worm (D:2)
  A dart slug (D:1)
  An orc (D:2)
  5 ball pythons
  9 bats
  3 endoplasms
  4 hobgoblins
  2 kobolds
  2 quokkas (D:1)
  3 rats
33 creatures vanquished.

Notes
Turn   | Place    | Note
-------+----------+-------------------------------------------
     0 | D:1      | Meow the Naga Conjurer began the quest for the Orb.
     0 | D:1      | Reached XP level 1. HP: 15/15 MP: 3/3
   247 | D:1      | Reached XP level 2. HP: 22/22 MP: 5/5
   250 | D:1      | Learned a level 2 spell: Searing Ray
   756 | D:1      | You fall into a shaft and drop 1 floor!
   993 | D:2      | Reached XP level 3. HP: 28/28 MP: 1/6
  1811 | D:2      | Reached XP level 4. HP: 36/36 MP: 3/8
  1813 | D:2      | Quit the game

Illustrated notes

Levels and vault maps discovered:
D:1:      amcnicky_arrival_feature_with_door, layout_basic,
          roderic_filled_cross, grunt_decor_fettered
D:2:      layout_loops_ring, bh_walls_and_bars

Skill      XL: |  1  2  3 |
---------------+----------+-----
Spellcasting   | 3 |  3.0
Dodging        | |  1.5
Stealth        | |  3.0
Conjurations   | |  4.8

Action                     |  1- 3 |  4- 6 || total
---------------------------+-------+-------++-------
   Cast: Magic Dart        |    48 |       ||    48
         Searing Ray       |     3 |       ||     3
Ability: Spit Poison       |    21 |       ||    21
 Armour: Robe              |     7 |       ||     7
  Dodge: Dodged            |     7 |       ||     7

Table legend: (Time is in decaauts)
 A = Elapsed time spent in this place.
 B = Non-inter-level travel time spent in this place.
 C = Inter-level travel time spent in this place.
 D = Time resting spent in this place.
 E = Time spent auto-exploring this place.
 F = Levels seen in this place.
 G = Mean time per level.
                   A        B        C        D        E       F      G
               +--------+--------+--------+--------+--------+-----+--------+
         Total |   2302 |   2255 |     47 |    462 |   1571 |   2 | 1151.0 |
       Dungeon |   2302 |   2255 |     47 |    462 |   1571 |   2 | 1151.0 |
               +--------+--------+--------+--------+--------+-----+--------+

Top non-repeatable levels by time:
     D:1: 1358 daAuts
     D:2: 943 daAuts
